 Dungeon Crawl Stone Soup version 0.22-a0-409-gb855193 (webtiles) character file.

43 KristoblXynda the Slasher (level 3, 0/29 HPs)
             Began as a Draconian Gladiator on May 10, 2018.
             Slain by a black bear (1 damage)
             ... on level 2 of the Dungeon.
             The game lasted 00:01:35 (1240 turns).

KristoblXynda the Slasher (Draconian Gladiator)     Turns: 1240, Time: 00:01:36

Health: 0/29       AC:  6    Str: 16    XL:     3   Next: 37%
Magic:  3/3        EV: 13    Int:  9    God:
Gold:   126        SH:  0    Dex: 12    Spells: 2/2 levels left

rFire    . . .     SeeInvis .   a - +0 long sword
rCold    . . .     Gourm    .   (no shield)
rNeg     . . .     Faith    .   (armour unavailable)
rPois    .         Spirit   .   b - +0 hat
rElec    .         Reflect  .   (no cloak)
rCorr    .         Harm     .   (no gloves)
MR       .....                  i - +0 pair of boots
Stlth    +.........             (no amulet)
HPRegen  0.09/turn              (no ring)
MPRegen  0.08/turn              (no ring)

@: no status effects
A: unfitting armour, cold-blooded, AC +5
a: no special abilities


You were on level 2 of the Dungeon.
You were not hungry.

You visited 1 branch of the dungeon, and saw 2 of its levels.

You collected 126 gold pieces.

Inventory:

Hand Weapons
 a - a +0 long sword (weapon)
Armour
 b - a +0 hat (worn)
 i - a +0 pair of boots (worn)
Scrolls
 f - a scroll of amnesia {unknown}
 h - a scroll of immolation {unknown}
 k - a scroll of random uselessness {unknown}
 l - a scroll of remove curse {unknown}
 m - 2 scrolls of teleportation {unknown}
 n - a scroll of noise {unknown}
Potions
 e - a potion of degeneration {unknown}
 g - 2 potions of berserk rage {unknown}
 j - 2 potions of heal wounds {unknown}
Comestibles
 d - 3 rations


   Skills:
 - Level 2.1 Fighting
 * Level 3.8 Long Blades
 + Level 2.2 Throwing
 + Level 3.1 Dodging


You had 2 spell levels left.
You didn't know any spells.

Dungeon Overview and Level Annotations

Branches:
Dungeon (2/15)

Altars:


Innate Abilities, Weirdness & Mutations

Your plain brown scales are hard. (AC +5)
You cannot fit into any form of body armour.
You are cold-blooded and may be slowed by cold attacks.


Message History

The black bear bites you!
* * * LOW HITPOINT WARNING * * *
The black bear claws you but does no damage.
The black bear barely misses you.
You hit the black bear.
Your tail-slap misses the black bear.
The black bear is almost dead.
The black bear barely misses you.
You riposte.
You barely miss the black bear.
Your tail-slap misses the black bear.
The black bear is almost dead.
The black bear claws you but does no damage.
The black bear claws you.
* * * LOW HITPOINT WARNING * * *
The black bear goes berserk!
Throwing (i - inventory)
c - a throwing net (quivered)
Press: ? - help, Shift-Dir - straight line, f/p - black bear
Aim: a black bear (almost dead, berserk, fast, unusually strong)
You throw a throwing net.
The throwing net closely misses the black bear.
The black bear barely misses you. The black bear claws you.
You die...

#..##.#..##<###.#.##.##..#.....
......#÷......>.........###g.##
#........##.###.#.#....## ##.##
##.##........###.#.#.....###....
.................#......>.#.#.#.
####.#.#.#.###...###...##.##.g.
#.#.###..#....# ##.###.####. #
#.#)#.###...# #.# #.# #.
#........@..####.# #.# #†
#...###.#)#h.......# #.####g
#.....#..###........# #...##.
#.#..###.#(#.......## ###.###
#.#............##### #.# #
#...######...# ###.### #.##
#...# #.....# .. #(..# #.#.#.#
##.## #.#.#(#


You could see a black bear (berserk).

Vanquished Creatures
  A gnoll (D:1)
  An adder (D:2)
  3 bats
  3 goblins (D:1)
  3 hobgoblins (D:1)
  4 jackals (D:1)
  A ball python (D:2)
  3 frilled lizards
  3 kobolds
  3 rats (D:2)
25 creatures vanquished.

Notes
Turn   | Place    | Note
-------+----------+-------------------------------------------
     0 | D:1      | KristoblXynda the Draconian Gladiator began the quest for the Orb.
     0 | D:1      | Reached XP level 1. HP: 17/17 MP: 1/1
   323 | D:1      | Reached XP level 2. HP: 14/24 MP: 2/2
  1052 | D:2      | Reached XP level 3. HP: 27/29 MP: 3/3
  1219 | D:2      | Noticed a black bear
  1235 | D:2      | HP: 1/29 [black bear (5)]
  1240 | D:2      | Slain by a black bear

Vault maps used:
D:1:      tarquinn_simple_flora_water_a
D:2:      zin_statuary, minmay_heptomino_h4, uniq_jessica

Skill      XL: |  1  2 |
---------------+-------+-----
Throwing       | 2 |  2.2
Dodging        | 3 |  3.1
Fighting       | |  2.1
Long Blades    | |  3.8

Action                   || total
-------------------------++-------
Melee: Long sword        ||    72
       Tailslap          ||     4
Throw: Throwing net      ||     3
  Eat: Chunk             ||     1
Armor: Skin              ||    30
Dodge: Dodged            ||    80
       Rpst.: Long sword ||    19

Table legend:
 A = Spawn XP
 B = Non-spawn XP
 C = Spawn XP percentage of total XP
 D = Spawn monster count
 E = Non-spawn monster count
 F = Spawn count percentage of total count
 G = Total turns spent on level
                    A         B        C        D         E        F      G
               +---------+---------+-------+---------+---------+-------+---------
         Total |       0 |      62 |   0.0 |       0 |      25 |   0.0 |  1240
               +---------+---------+-------+---------+---------+-------+---------
           D:1 |       0 |      39 |   0.0 |       0 |      14 |   0.0 |  1003
           D:2 |       0 |      23 |   0.0 |       0 |      11 |   0.0 |   237
               +---------+---------+-------+---------+---------+-------+---------
